 Dungeon Crawl Stone Soup version 0.26-a0-651-gb41185065b (webtiles) character file.

Game seed: 16523985773137196279

12 muata the Insei (level 2, 15/21 HPs)
             Began as a Human Transmuter on Sept 28, 2020.
             Quit the game on level 2 of the Dungeon.
             The game lasted 00:02:54 (741 turns).

muata the Insei (Human Transmuter)                   Turns: 741, Time: 00:02:54

Health: 15/21      AC:  2    Str: 10    XL:     2   Next: 45%
Magic:  5/5        EV: 12    Int: 13    God:
Gold:   72         SH:  0    Dex: 13    Spells: 4/5 levels left

rFire    . . .     SeeInvis .   f - -3 short sword (curse)
rCold    . . .     Faith    .   (no shield)
rNeg     . . .     Spirit   .   a - +0 robe
rPois    .         Reflect  .   (no helmet)
rElec    .         Harm     .   (no cloak)
rCorr    .         Rampage  .   (no gloves)
MR       .....                  (no boots)
Stlth    +.........             (no amulet)
HPRegen  0.07/turn              (no ring)
MPRegen  0.09/turn              (no ring)

@: no status effects
A: no striking features
a: no special abilities


You were on level 2 of the Dungeon.
You visited 1 branch of the dungeon, and saw 2 of its levels.

You collected 72 gold pieces.

Inventory:

Hand Weapons
 c - a +0 dagger
 f - a cursed -3 short sword (weapon)
Missiles
 b - 13 poisoned darts (quivered)
Armour
 a - a +0 robe (worn)
Potions
 d - a potion of degeneration {unknown}
 e - a potion of invisibility {unknown}


   Skills:
 + Level 1.1 Fighting
 + Level 2.2 Dodging
 + Level 3.3 Unarmed Combat
 + Level 2.0 Spellcasting
 + Level 2.1 Transmutations


You had 4 spell levels left.
You knew the following spells:

 Your Spells              Type           Power        Failure   Level
a - Beastly Appendage     Tmut           #.....       11%         1

Your spell library contained the following spells:

 Spells                   Type           Power        Failure   Level
 Wereblood                Tmut           #.......     16%         2
 Spider Form              Tmut/Pois      #.........   43%         3
 Ice Form                 Ice/Tmut       #.......     85%         4
 Blade Hands              Tmut           #.........   96%         5


Dungeon Overview and Level Annotations

Branches:
Dungeon (2/15)

Altars:
Yredelemnul


Message History

Unknown command.
Unknown command.
Found a basalt altar of Yredelemnul.
Found a glowing plate armour.
Found 19 sling bullets.
A goblin comes into view. It is wielding a +0 dagger.
The goblin shouts!
A goblin is nearby!
You closely miss the goblin. The goblin hits you with a +0 dagger.
You hit the goblin.
The goblin is severely wounded.
The goblin hits you with a +0 dagger.
You hit the goblin but do no damage.
The goblin is severely wounded.
The goblin hits you but does no damage.
You hit the goblin.
You kill the goblin!
Found 9 gold pieces.
You see here a +0 dagger.
Are you sure you want to abandon this character and quit the game? (Confirm with "yes".)

#######.#
#. #.# ##
#.# # #.#
# #.# #.#
#.# #.#
#@#
#.......#
#.$.....#
#....(..#
######...
#....
#....
#.....


There were no monsters in sight!

Vanquished Creatures
  A dart slug (D:2)
  2 bats (D:2)
  2 goblins (D:2)
  A hobgoblin (D:2)
  A quokka (D:2)
  A frilled lizard (D:2)
  A kobold (D:2)
  A rat (D:2)
10 creatures vanquished.

Notes
Turn   | Place    | Note
-------+----------+-------------------------------------------
     0 | D:1      | muata the Human Transmuter began the quest for the Orb.
     0 | D:1      | Reached XP level 1. HP: 15/15 MP: 3/3
    13 | D:1      | You fall into a shaft and drop 1 floor!
    70 | D:2      | Reached XP level 2. HP: 14/21 MP: 3/5
   213 | D:2      | HP: 1/21 [quokka (3)]
   710 | D:2      | Found a basalt altar of Yredelemnul.
   741 | D:2      | Quit the game

Illustrated notes

Levels and vault maps discovered:
D:1:      tarquinn_simple_flora_water_d, layout_basic, minmay_misc_feat_tower
D:2:      layout_basic, yredelemnul_altar_generic,
          wander_ebering_terrifying_dragon_lair

Action                   || total
-------------------------++-------
Melee: Unarmed           ||    21
       Punch             ||     3
       Kick              ||     1
       Headbutt          ||     1
       Dagger            ||    17
       Short sword       ||     4
 Cast: Beastly Appendage ||     3
Armor: Robe              ||     9
Dodge: Dodged            ||    26

Table legend: (Time is in decaauts)
 A = Elapsed time spent in this place.
 B = Non-inter-level travel time spent in this place.
 C = Inter-level travel time spent in this place.
 D = Time resting spent in this place.
 E = Time spent auto-exploring this place.
 F = Levels seen in this place.
 G = Mean time per level.
                   A        B        C        D        E       F      G
               +--------+--------+--------+--------+--------+-----+--------+
         Total |    738 |    715 |     23 |    347 |    211 |   2 |  369.0 |
       Dungeon |    738 |    715 |     23 |    347 |    211 |   2 |  369.0 |
               +--------+--------+--------+--------+--------+-----+--------+

Top non-repeatable levels by time:
     D:2: 725 daAuts
     D:1: 13 daAuts
